 Dungeon Crawl Stone Soup version 0.28-a0-906-g0406aca7d3 (webtiles) character file.

Game seed: 15863117220269660395

403 kae the Ruffian (level 6, -6/50 HPs)
             Began as a Draconian Transmuter on Nov 23, 2021.
             Mangled by Menkaure (19 damage)
             ... on level 4 of the Dungeon.
             The game lasted 00:02:38 (4032 turns).

kae the Ruffian (Draconian Transmuter)              Turns: 4032, Time: 00:02:38

Health: -6/50      AC:  2    Str: 12    XL:     6   Next: 55%
Magic:  3/9        EV: 20    Int: 16    God:
Gold:   101        SH:  0    Dex: 16    Spells: 2/10 levels left

rFire   . . .      SeeInvis .     - Unarmed
rCold   . . .      Faith    .   (shield currently unavailable)
rNeg    . . .      Spirit   .   (armour unavailable)
rPois   x          Reflect  .   (helmet currently unavailable)
rElec   .          Harm     .   (cloak currently unavailable)
rCorr   .          Rampage  .   (gloves currently unavailable)
Will    .....                   (boots currently unavailable)
Stlth   +.........              (no amulet)
HPRegen 0.16/turn               (no ring)
MPRegen 0.11/turn               (no ring)

@: spider-form, very slightly contaminated
A: venomous fangs, AC +6, tiny, unfitting armour, (cold-blooded), low mp 1,
subdued magic 1
a: End Transformation


You were on level 4 of the Dungeon.
You were a venomous arachnid creature.
You visited 1 branch of the dungeon, and saw 4 of its levels.

You collected 101 gold pieces.

Inventory:

Scrolls
 f - a scroll of teleportation
Potions
 a - 2 potions of degeneration
 b - 3 potions of curing
 c - a potion of haste
 d - a potion of flight {unknown}


   Skills:
 + Level 2.6 Fighting
 + Level 2.8 Dodging
 * Level 4.5 Unarmed Combat
 + Level 2.9 Spellcasting
 * Level 3.7 Transmutations
 * Level 1.4 Ice Magic
 * Level 1.3 Poison Magic


You had 2 spell levels left.
You knew the following spells:

 Your Spells              Type           Power      Damage    Failure   Level
a - Beastly Appendage     Tmut           22%        N/A       11%         1
b - Spider Form           Tmut/Pois      8%         N/A       36%         3
c - Ice Form              Ice/Tmut       8%         N/A       71%         4

Your spell library contained the following spells:

 Spells                   Type           Power      Damage    Failure   Level
 Wereblood                Tmut           11%        N/A       14%         2
 Summon Lightning Spire   Summ/Air       1%         N/A       95%         4
 Storm Form               Tmut/Air       3%         N/A       100%        7
 Maxwell's Capacitive Co  Air            0%         ∞         100%        8


Dungeon Overview and Level Annotations

Branches:
Dungeon (4/15)
 Temple: D:4-7

Altars:
Ashenzari
Elyvilon
Fedhas
Okawaru

Annotations:
D:4 Menkaure


Innate Abilities, Weirdness & Mutations

You are a venomous arachnid creature.
You have poisonous fangs.
You are tiny and dextrous.
Your spellcasting is less reliable in this form.
Your armour is entirely melded.
You are incapable of wielding weapons or throwing items.
((Your plain brown scales are hard. (AC +6)))
You cannot fit into any form of body armour.
((You are cold-blooded and may be slowed by cold attacks.))
Your magical capacity is low. (-10% MP)
Your spells are a little easier to cast, but a little less powerful.


Message History

An orc comes into view. It is wielding a +0 short sword.
An orc is nearby!
No target in view!
Magic restored.
HP restored.
Found 18 stones.
Casting: Spider Form (dangerous; 17% risk of failure)
Confirm with . or Enter, or press ? or * to list all spells.
You turn into a venomous arachnid creature.
No target in view!
No target in view!
No target in view!
No target in view!
Your transformation is almost over.
Your transformation has ended.
Menkaure, Prince of Dust comes into view.
Found 10 gold pieces.
Menkaure shouts!
Menkaure calls on the powers of darkness!
Your body is wracked with pain!
You are too injured to fight recklessly!
Menkaure is nearby!
You are too injured to fight recklessly!
You are too injured to fight recklessly!
Menkaure is nearby!
Casting: Spider Form (dangerous; 17% risk of failure)
Confirm with . or Enter, or press ? or * to list all spells.
You miscast Spider Form.
You are very lightly contaminated with residual magic.
Nothing appears to happen.
Menkaure gestures wildly while chanting.
Menkaure seems to speed up.
Okay, then.
Casting: Spider Form (dangerous; 17% risk of failure)
Confirm with . or Enter, or press ? or * to list all spells.
You turn into a venomous arachnid creature.
Menkaure hits you!
* * * LOW HITPOINT WARNING * * *
Menkaure hits you!!
You die...

.###. #$... #....
##.... ..... #...###
#.M..### ##### #s...#
. #...# #..#.......
#...# ##.####....
#...# #.#.......
#...######...#...
#..>....†.)........
####.....#######......
#..<...#..######......
#......##.............


You could see Menkaure (fast).

Vanquished Creatures
  Sigmund (D:2)
  A scorpion (D:4)
  Terence (D:3)
  An iguana (D:3)
  3 gnolls (D:3)
  5 adders
  A dart slug (D:1)
  2 orcs (D:3)
  7 endoplasms
  A giant cockroach (D:2)
  4 goblins
  3 hobgoblins
  2 quokkas (D:1)
  4 ball pythons
  5 bats
  2 frilled lizards (D:1)
  7 kobolds
  8 rats
58 creatures vanquished.

Vanquished Creatures (others)
  2 fungi (D:1)
2 creatures vanquished.

Grand Total: 60 creatures vanquished

Notes
Turn   | Place    | Note
-------+----------+-------------------------------------------
     0 | D:1      | kae the Draconian Transmuter began the quest for the Orb.
     0 | D:1      | Reached XP level 1. HP: 16/16 MP: 3/3
   374 | D:1      | Reached XP level 2. HP: 23/23 MP: 3/5
   734 | D:1      | Found a faded altar of an unknown god.
  1343 | D:2      | Noticed Sigmund
  1348 | D:2      | Gained mutation: Your spells are a little easier to cast,
                  | but a little less powerful. [potion of mutation]
  1348 | D:2      | Gained mutation: Your magical capacity is low. (-10% MP)
                  | [potion of mutation]
  1686 | D:2      | Reached XP level 3. HP: 25/28 MP: 3/5
  1751 | D:1      | Learned a level 3 spell: Spider Form
  1764 | D:2      | Killed Sigmund
  1765 | D:2      | Reached skill level 4 in Unarmed Combat
  1765 | D:2      | Reached XP level 4. HP: 8/36 MP: 3/7
  1765 | D:2      | Reached XP level 5. HP: 9/41 MP: 3/8
  2015 | D:2      | Learned a level 4 spell: Ice Form
  3295 | D:3      | Noticed Terence
  3324 | D:3      | Reached XP level 6. HP: 19/50 MP: 6/9
  3599 | D:3      | Found an iron altar of Okawaru.
  3659 | D:3      | Found a white marble altar of Elyvilon.
  3660 | D:3      | Found a blossoming altar of Fedhas.
  3660 | D:3      | Found a broken altar of Ashenzari.
  3718 | D:3      | Reached skill level 1 in Ice Magic
  3850 | D:3      | Killed Terence
  3851 | D:3      | Reached skill level 1 in Poison Magic
  4028 | D:4      | Noticed Menkaure
  4032 | D:4      | Mangled by Menkaure

Illustrated notes

Levels and vault maps discovered:
D:1:      beargit_arrival_diablo_church, layout_basic,
          dreamdust_ecumenical_altar_grove, minmay_misc_feat_encased,
          minmay_pentomino_v2
D:2:      layout_loops_ring, minmay_misc_feat_diagonals, uniq_sigmund
D:3:      layout_basic, chequers_temple_overflow_statue_of_worship,
          mrwooster_statue_mirror, uniq_terence
D:4:      layout_rooms, ebering_ghost_disaster_area, hangedman_decor_points,
          minivault_24, nicolae_shop_sticking_my_neck_out, uniq_menkaure

Skill      XL: |  1  2  3  4  5  6 |
---------------+-------------------+-----
Dodging        | 2 |  2.8
Fighting       | 2 |  2.6
Unarmed Combat | 4 |  4.5
Transmutations | 3 |  3.7
Ice Magic      | 1 |  1.4
Poison Magic   | 1 |  1.3
Spellcasting   | |  2.9

Action                   |  1- 3 |  4- 6 || total
-------------------------+-------+-------++-------
Melee: Unarmed           |    73 |    91 ||   164
       Kick              |     9 |     9 ||    18
       Tailslap          |     9 |     5 ||    14
       Headbutt          |     7 |     6 ||    13
       Punch             |     1 |       ||     1
 Cast: Beastly Appendage |    17 |    22 ||    39
       Spider Form       |     1 |     7 ||     8
  Use: Scroll            |     3 |     4 ||     7
       Potion            |     2 |     1 ||     3
Armor: Skin              |    13 |    20 ||    33
Dodge: Dodged            |    50 |    67 ||   117

Table legend: (Time is in decaauts)
 A = Elapsed time spent in this place.
 B = Non-inter-level travel time spent in this place.
 C = Inter-level travel time spent in this place.
 D = Time resting spent in this place.
 E = Time spent auto-exploring this place.
 F = Levels seen in this place.
 G = Mean time per level.
                   A        B        C        D        E       F      G
               +--------+--------+--------+--------+--------+-----+--------+
         Total |   4022 |   3872 |    150 |    650 |   2727 |   4 | 1005.5 |
       Dungeon |   4022 |   3872 |    150 |    650 |   2727 |   4 | 1005.5 |
               +--------+--------+--------+--------+--------+-----+--------+

Top non-repeatable levels by time:
     D:1: 1656 daAuts
     D:3: 1170 daAuts
     D:2: 1115 daAuts
     D:4: 79 daAuts
